 Dungeon Crawl Stone Soup version 0.13.1-27-ga479965 (webtiles) character file.

31 Chiseanne the Ruinous (level 2, -5/19 HPs)
             Began as a Mummy Conjurer on Feb 9, 2014.
             Slain by a hobgoblin
             ... wielding a +0,+0 whip
              (7 damage)
             ... on Level 1 of the Dungeon.
             The game lasted 00:01:55 (676 turns).

Chiseanne the Ruinous (Mummy Conjurer)               Turns: 676, Time: 00:01:55

HP  -5/19        AC  2     Str 11      XL: 2   Next: 13%
MP   0/4         EV 12     Int 14      God:
Gold 20          SH  0     Dex 12      Spells:  1 memorised,  2 levels left

Res.Fire  : x . .   See Invis. : .   i - +0 short sword
Res.Cold  : + . .   Warding    : .   a - +0 robe
Life Prot.: + + +   Conserve   : .   (no shield)
Res.Poison: +       Res.Corr.  : .   (no helmet)
Res.Elec. : .       Clarity    : .   (no cloak)
Sust.Abil.: . .     Spirit.Shd : .   (no gloves)
Res.Mut.  : .       Stasis     : .   (no boots)
Res.Rott. : +       Flight     : .   (no amulet)
Saprovore : . . .                    (no ring)
                                     (no ring)

@: slightly resistant to hostile enchantments, unstealthy
A: no food or potions, fire vulnerability, restore body, cold resistance 1, life
protection 3, poison resistance, torment resistance, unbreathing
a: no special abilities


You were on level 1 of the Dungeon.
You were not hungry.

You visited 1 branch of the dungeon, and saw 1 of its levels.

Inventory:

Hand weapons
 i - a +0,+0 short sword (weapon)
 j - a -1,+1 orcish club
Missiles
 d - 15 darts (quivered)
Armour
 a - a +0 robe (worn)
Comestibles
 f - a choko
Scrolls
 b - a scroll of fear {unknown}
 e - a scroll of blinking {unknown}
 h - a scroll of remove curse {unknown}
Potions
 g - a potion of heal wounds {unknown}
 k - a potion of magic {unknown}
Books
 c - a book of Conjurations

   Spells                             Type                      Level
   *Magic Dart                        Conjuration                  1
   Searing Ray                        Conjuration                  2
   Dazzling Spray                     Conjuration/Hexes            3
   Iskenderun's Mystic Blast          Conjuration                  4
   Iskenderun's Battlesphere          Conjuration/Charms           4
   Fulminant Prism                    Conjuration/Hexes            5


   Skills:
 - Level 1.5 Dodging
 - Level 1.5 Stealth
 * Level 1.3 Spellcasting
 * Level 3.5 Conjurations


You had 2 spell levels left.
You knew the following spells:

 Your Spells              Type           Power        Failure   Level  Hunger
a - Magic Dart            Conj           ##..         10%         1    N/A

Dungeon Overview and Level Annotations

Branches:
Dungeon (1/27)

Altars:


Innate Abilities, Weirdness & Mutations

You do not eat or drink.
Your flesh is vulnerable to fire.
Your flesh is cold resistant.
You are immune to negative energy.
Your system is resistant to poisons.
You are immune to unholy pain and torment.
You can survive without breathing.


Message History

You have reached level 2!
Casting: Magic Dart
Confirm with . or Enter, or press ? or * to list all spells.
Aiming: Magic Dart
Press: ? - help, Shift-Dir - straight line, f - goblin
Aim: a goblin, wielding a glowing dagger The magic dart hits the goblin.
You kill the goblin!
Casting: Magic Dart
Confirm with . or Enter, or press ? or * to list all spells.
You don't have enough magic to cast that spell.
You hit the kobold.
You kill the kobold!
The hobgoblin hits you but does no damage.
You barely miss the hobgoblin. You closely miss the hobgoblin.
The hobgoblin barely misses you.
You hit the hobgoblin.
You kill the hobgoblin!
The hobgoblin hits you with a whip!
You die...

............# . ####..#.....#
.# ..#....###### ##.# ###
..#....# #.. ...# ..#....+ #..
..# .......# #.###..# .##....#
##### #.##...# . .##(...#
#....##....#.###... ...##%##
#....@g..#.#........
.####'######....##......# .#
#.....###### ###..#.# .#
#.%...# #..#.# ## #...<.#
#..#.# #.....# #..#.# #.....#
#..#g####
################.......#
############......g....###.....


You could see a hobgoblin.

Vanquished Creatures
  2 bats (D:1)
  2 hobgoblins (D:1)
  3 kobolds (D:1)
  2 giant newts (D:1)
  2 goblins (D:1)
11 creatures vanquished.

Notes
Turn   | Place    | Note
--------------------------------------------------------------
     0 | D:1      | Chiseanne, the Mummy Conjurer, began the quest for the Orb.
     0 | D:1      | Reached XP level 1. HP: 13/13 MP: 3/3
   671 | D:1      | Reached XP level 2. HP: 2/19 MP: 1/4
   676 | D:1      | Slain by a hobgoblin

Action                   || total
-------------------------++-------
Melee: Unarmed           ||    12
       Short sword       ||    13
Throw: Dart              ||     8
 Cast: Magic Dart        ||    16
